 Dungeon Crawl Stone Soup version 0.27.0-1-g7a089689b8 (webtiles) character file.

Game seed: 9683041270230681864

330 nicksoapdish the Changer (level 6, -1/25 HPs)
             Began as a Felid Transmuter on Aug 3, 2021.
             Slain by an orc priest (9 damage)
             ... on level 5 of the Dungeon on Aug 4, 2021.
             The game lasted 00:19:32 (6681 turns).

nicksoapdish the Changer (Felid Transmuter)         Turns: 6681, Time: 00:19:32

Health: -1/25      AC:  2    Str:  6    XL:     6   Next: 26%
Magic:  10/12      EV: 22    Int: 16    God:
Gold:   238        SH:  0    Dex: 17    Spells: 4/12 levels left
                                        Lives:  0   Deaths: 1

rFire    . . .     SeeInvis +     - Unarmed
rCold    . . .     Faith    .   (shield unavailable)
rNeg     . . .     Spirit   .   (armour unavailable)
rPois    .         Reflect  .   (helmet unavailable)
rElec    .         Harm     .   (cloak unavailable)
rCorr    .         Rampage  .   (gloves unavailable)
Will     .....                  (boots unavailable)
Stlth    ++........             (no amulet)
HPRegen  0.08/turn              o - +4 ring of evasion
MPRegen  0.13/turn              (no ring)

@: appendages, wereblooded, quick
A: horns 2, very small, claws 1, fangs 3, see invisible, speed 1, shaggy fur 2,
stealthy paws, no weapons or thrown items, no armour, multi-lived
a: End Transformation


You were on level 5 of the Dungeon.
You had temporarily grown beastly horns.
You visited 1 branch of the dungeon, and saw 5 of its levels.

You collected 238 gold pieces.

Inventory:

Jewellery
 o - a +4 ring of evasion (left paw)
Wands
 d - a wand of mindburst (2)
 f - a wand of polymorph (8)
Scrolls
 a - a scroll of amnesia {unknown}
 c - a scroll of magic mapping {unknown}
 j - a scroll of blinking
 k - 3 scrolls of fog
 l - a scroll of summoning
Potions
 b - 2 potions of might
 e - a potion of invisibility
 g - a potion of mutation {unknown}
 h - a potion of heal wounds {unknown}
 i - a potion of lignification {unknown}
 m - a potion of curing {unknown}
 n - a potion of flight {unknown}


   Skills:
 - Level 1.0 Fighting
 - Level 3.0 Dodging
 - Level 3.0 Stealth
 - Level 4.0 Unarmed Combat
 + Level 3.5 Spellcasting
 + Level 4.8 Transmutations
 - Level 1.2 Earth Magic
 * Level 2.1 Poison Magic


You had 4 spell levels left.
You knew the following spells:

 Your Spells              Type           Power      Damage    Failure   Level
a - Beastly Appendage     Tmut           36%        N/A       2%          1
b - Wereblood             Tmut           18%        N/A       3%          2
c - Spider Form           Tmut/Pois      7%         N/A       13%         3
d - Passwall              Tmut/Erth      10%        N/A       8%          2

Your spell library contained the following spells:

 Spells                   Type           Power      Damage    Failure   Level
 Swiftness                Air            2%         N/A       47%         3
 Ice Form                 Ice/Tmut       10%        N/A       54%         4
 Invisibility             Hex            1%         N/A       100%        6


Dungeon Overview and Level Annotations

Branches:
Dungeon (5/15)
 Temple: D:4-7

Altars:
Gozag

Shops:
D:1 :

Annotations:
D:3 3 runed translucent doors, exclusions: 3 doors and 1 more exclusion, ProzacElf's ghost, amateur OgWz; backslashecho's ghost, weakling GrBe; marklar909's ghost, amateur DESu


Innate Abilities, Weirdness & Mutations

You have temporarily grown beastly horns.
You have sharp claws.
You have razor-sharp teeth.
You have supernaturally acute eyesight. (SInv)
You cover ground quickly. (Speed+)
You are covered in thick fur. (AC +2)
Your paws help you pounce on unaware monsters.
You are incapable of wielding weapons or throwing items.
You cannot wear armour.
You gain extra lives every three experience levels.


Message History

You climb downwards.
There is a stone staircase leading up here.
Casting: Wereblood (safe; 3% risk of failure)
Confirm with . or Enter, or press ? or * to list all spells.
Okay, then.
An orc priest comes into view. It is wielding a +0 flail.
Casting: Wereblood (safe; 3% risk of failure)
Confirm with . or Enter, or press ? or * to list all spells.
The spell is quite dangerous to cast (13% risk of failure)!
Continue anyway?
Okay, then.
Casting: Spider Form (quite dangerous; 13% risk of failure)
Confirm with . or Enter, or press ? or * to list all spells.
You grow a pair of large bovine horns.
Casting: Beastly Appendage (safe; 2% risk of failure)
Confirm with . or Enter, or press ? or * to list all spells.
Your blood is infused with primal strength.
An orc comes into view. It is wielding a +0 hand axe.
The orc priest shouts!
You hear a shout!
The orc moves out of view.
An orc priest comes into view. It is wielding a +0 war axe.
The orc priest shouts!
The orc shouts!
The orc priest calls down the wrath of Beogh upon you.
Pain shoots through your body!
Your transformation is almost over.
Casting: Wereblood (safe; 3% risk of failure)
Confirm with . or Enter, or press ? or * to list all spells.
You extend your transformation's duration.
The orc shouts!
You hear a shout!
The orc misses you.
The orc priest hits you with a +0 flail.
You scratch the orc priest.
You headbutt the orc priest, but do no damage.
The orc priest is lightly wounded.
The orc hits you with a +0 hand axe. The orc priest closely misses you.
You claw the orc priest!
The orc priest is severely wounded.
The orc closely misses you.
The orc priest hits you with a +0 flail.
The orc priest hits you with a +0 flail!
You die...

#.# #.#
#.# #.#
#<# #.#
#.# #.#
#@#####
#oo.o.#
#####.#
#.# #.#
#.# #o#
...


#oo You could see 2 orc priests and an orc.

Vanquished Creatures
  2 ogres (D:4)
  2 hounds (D:4)
  An orc priest (D:4)
  Ijyb (D:4)
  An orc wizard (D:4)
  2 adders
  4 gnolls (D:4)
  2 worms
  3 dart slugs
  6 orcs
  5 bats
  8 endoplasms
  3 giant cockroaches
  7 goblins
  6 hobgoblins
  4 jackals (D:1)
  4 quokkas
  12 ball pythons
  A frilled lizard (D:2)
  6 kobolds
  5 rats
85 creatures vanquished.

Vanquished Creatures (others)
  A plant (D:2)
  4 withered plants (D:3)
5 creatures vanquished.

Grand Total: 90 creatures vanquished

Notes
Turn   | Place    | Note
-------+----------+-------------------------------------------
     0 | D:1      | nicksoapdish the Felid Transmuter began the quest for the
                  | Orb.
     0 | D:1      | Reached XP level 1. HP: 9/9 MP: 4/4
   214 | D:1      | Reached XP level 2. HP: 4/12 MP: 6/6
   217 | D:1      | Learned a level 2 spell: Wereblood
   613 | D:1      | Found a faded altar of an unknown god.
   713 | D:1      | Reached skill level 1 in Stealth
  1019 | D:1      | Reached XP level 3. HP: 15/15 MP: 3/7
  1064 | D:1      | Found Cayhuin's Book Shop.
  2873 | D:3      | Learned a level 3 spell: Spider Form
  3238 | D:3      | Found a runed translucent gate.
  3239 | D:3      | Found a runed translucent gate.
  3355 | D:3      | Reached XP level 4. HP: 19/19 MP: 6/8
  3546 | D:3      | Found an opulent altar of Gozag.
  3659 | D:3      | Found a runed translucent gate.
  3660 | D:3      | Noticed ProzacElf's ghost (amateur OgWz)
  3660 | D:3      | Noticed marklar909's ghost (amateur DESu)
  4178 | D:3      | Noticed backslashecho's ghost (weakling GrBe)
  4369 | D:4      | Noticed an ogre
  4381 | D:4      | Killed an ogre
  4382 | D:4      | Reached XP level 5. HP: 4/22 MP: 5/10
  4638 | D:4      | Reached skill level 1 in Poison Magic
  4863 | D:4      | Noticed Ijyb
  4869 | D:4      | Killed Ijyb
  4935 | D:4      | Gained mutation: You are covered in thick fur. (AC +2)
                  | [Felid growth]
  4935 | D:4      | Reached XP level 6. HP: 13/25 MP: 9/11
  5122 | D:4      | Learned a level 2 spell: Passwall
  5212 | D:4      | Slain by a gnoll
  5213 | D:4      | Reached XP level 5. HP: -4/22 MP: 9/10
  5356 | D:4      | Noticed an ogre
  5601 | D:4      | Killed an ogre
  5602 | D:4      | Reached skill level 1 in Earth Magic
  5602 | D:4      | Reached XP level 6. HP: 25/25 MP: 9/11
  6647 | D:5      | Entered Level 5 of the Dungeon
  6681 | D:5      | Slain by an orc priest

Illustrated notes

Levels and vault maps discovered:
D:1:      onia_arrival_pentagram, layout_basic, serial_shops,
          nicolae_shop_window_shopping, basic_ecumenical_altar,
          kennysheep_small_spiral, minmay_tromino_v2
D:2:      layout_basic, serial_forest, infiniplex_forest_lined_room_3,
          infiniplex_forest_lined_2, infiniplex_forest_end_1,
          infiniplex_forest_lined_room_2, infiniplex_forest_end_3,
          infiniplex_forest_straight_3, infiniplex_forest_corner_1,
          infiniplex_forest_clump_cross, nrook_mini_backslash,
          minmay_misc_feat_tower, minivault_23
D:3:      layout_basic, nicolae_gozag_seed_capital, gammafunk_ghost_cemetery,
          kennysheep_crisscross
D:4:      layout_cave_pools, gup_sewer_entry_pipe, minmay_vboxes, uniq_ijyb
D:5:      layout_basic, minmay_temple_entry_drinking_statues

Skill      XL: |  1  2  3  4  5  6 |
---------------+-------------------+-----
Stealth        | 1 2 3 |  3.0
Transmutations | 3 4 |  4.8
Dodging        | 3 |  3.0
Unarmed Combat | 4 |  4.0
Poison Magic   | 2 |  2.1
Spellcasting   | 3 |  3.5
Earth Magic    | 1 |  1.2
Fighting       | |  1.0

Action                   |  1- 3 |  4- 6 || total
-------------------------+-------+-------++-------
Melee: Unarmed           |   117 |   156 ||   273
       Headbutt          |    17 |    26 ||    43
       Bite              |     7 |    13 ||    20
       Punch             |     1 |     3 ||     4
 Cast: Beastly Appendage |    28 |    30 ||    58
       Wereblood         |    18 |    25 ||    43
Evoke: Wand              |       |     2 ||     2
  Use: Scroll            |     2 |     5 ||     7
 Stab: Sleeping          |     2 |     2 ||     4
Armor: Skin              |     5 |     7 ||    12
Dodge: Dodged            |    79 |   122 ||   201
